 Dungeon Crawl Stone Soup version 0.21-a0-479-g139aec4 (console) character file.

126 Slowdrip the Magician (level 4, -2/21 HPs)
             Began as a Spriggan Earth Elementalist on Nov 20, 2017.
             Slain by an iguana (8 damage)
             ... on level 3 of the Dungeon on Nov 22, 2017.
             The game lasted 00:14:02 (2994 turns).

Slowdrip the Magician (Spriggan Earth Elementalist) Turns: 2994, Time: 00:14:03

Health: -2/21      AC:  2    Str:  5    XL:     4   Next: 83%
Magic:  3/11       EV: 18    Int: 16    God:
Gold:   168        SH:  0    Dex: 16    Spells: 2/12 levels left

rFire    . . .     SeeInvis +   p - +0 dagger
rCold    . . .     Gourm    .   (shield restricted)
rNeg     . . .     Faith    .   c - +0 robe
rPois    .         Spirit   .   (helmet restricted)
rElec    .         Reflect  .   r - scarf {repulsion}
rCorr    .         Harm     .   (gloves unavailable)
MR       .....                  (boots unavailable)
Stlth    ++........             (no amulet)
HPRegen  0.07/turn              (no ring)
MPRegen  0.12/turn              (no ring)

@: drained, repel missiles, very quick
A: very small, unfitting armour, see invisible, herbivore 3, speed 3, slow
metabolism 2
a: no special abilities


You were on level 3 of the Dungeon.
You were not hungry.

You visited 1 branch of the dungeon, and saw 3 of its levels.

You collected 168 gold pieces.

Inventory:

Hand Weapons
 p - a +0 dagger (weapon)
 w - a +0 dagger of draining
 y - a +0 war axe
Missiles
 b - 72 stones {@Q1 =f}
Armour
 c - a +0 robe (worn)
 r - a scarf of repulsion (worn)
Scrolls
 f - a scroll of random uselessness {unknown}
 g - 2 scrolls of teleportation {unknown}
 h - 3 scrolls of magic mapping {unknown}
 j - 2 scrolls of remove curse {unknown}
 l - 5 scrolls of identify {unknown}
 s - a scroll of enchant armour {unknown}
 t - a scroll of fog {unknown}
 u - a scroll of fear {unknown}
 v - a scroll of noise {unknown}
Potions
 k - a potion of mutation {unknown}
 m - 2 potions of heal wounds {unknown}
 o - a potion of curing {unknown}
Books
 e - a book of Geomancy

   Spells                             Type                      Level
   a - Sandblast                      Earth                        1
   b - Passwall                       Transmutation/Earth          2
   c - Stone Arrow                    Conjuration/Earth            3
   d - Petrify                        Transmutation/Earth          4
   e - Lee's Rapid Deconstruction     Earth                        5
Comestibles
 d - 3 bread rations
 i - 3 royal jellies
 n - 4 fruits


   Skills:
 - Level 3.0(2.8) Dodging
 - Level 3.0(2.8) Stealth
 + Level 4.9(4.7) Spellcasting
 - Level 1.3(1.1) Transmutations
 - Level 4.0(3.8) Earth Magic


You had 2 spell levels left.
You knew the following spells:

 Your Spells              Type           Power        Failure   Level  Hunger
a - Sandblast             Erth           ###...       3%          1    None
b - Stone Arrow           Conj/Erth      #.....       22%         3    ###....
c - Passwall              Tmut/Erth      ##........   9%          2    ##.....
d - Petrify               Tmut/Erth      ##......     50%         4    ####...


Dungeon Overview and Level Annotations

Branches:
Dungeon (3/15)

Altars:
Elyvilon
Makhleb
Qazlal


Innate Abilities, Weirdness & Mutations

You are very small and have problems with some larger weapons.
You are too small for most types of armour.
You have supernaturally acute eyesight. (SInv)
You are a herbivore.
You cover ground extremely quickly.
You need consume almost no food.


Message History

b - 74 stones {@Q1 =f} The iguana barely misses you.
Cast which spell? (? or * to list)
Aiming: Sandblast
Press: ? - help, Shift-Dir - straight line, f/p - iguana
Aim: an iguana (severely wounded)
The blast of sand hits the iguana.
The iguana is severely wounded.
b - 73 stones {@Q1 =f} The iguana bites you!
Huge Dmg: -29%(-6hp) hp: 29%(6hp) Cast which spell? (? or * to list)
Aiming: Sandblast
Press: ? - help, Shift-Dir - straight line, f/p - iguana
Aim: an iguana (severely wounded)
The blast of sand hits the iguana.
The iguana is almost dead.
b - 72 stones {@Q1 =f} The iguana bites you!
You die...

##. ......# #..
r .o... #.##.#
#... #
#.##.###..##..
##.†....)...h..
###............#
#....#..##.<#
#.)##..###...#
#..# ### ###...
##l## ###..
###@.# . #.[..#
######


You could see an iguana.

Vanquished Creatures
  4 gnolls (D:2)
  An adder (D:2)
  An ooze (D:2)
  2 worms (D:2)
  3 dart slugs
  6 orcs (D:3)
  2 giant cockroaches
  5 goblins
  11 hobgoblins
  A jackal (D:2)
  4 kobolds
  A quokka (D:2)
  A ball python (D:1)
  8 bats
  A frilled lizard (D:2)
  3 rats
54 creatures vanquished.

Notes
Turn   | Place    | Note
-------+----------+-------------------------------------------
     0 | D:1      | Slowdrip the Spriggan Earth Elementalist began the quest for the Orb.
     0 | D:1      | Reached XP level 1. HP: 9/9 MP: 5/5
   665 | D:1      | Reached skill level 3 in Earth Magic
   723 | D:1      | Reached XP level 2. HP: 13/13 MP: 4/6
  1009 | D:2      | Found a burning altar of Makhleb.
  1384 | D:2      | Reached XP level 3. HP: 16/16 MP: 5/8
  1568 | D:2      | Found a stormy altar of Qazlal.
  1604 | D:2      | Reached skill level 3 in Spellcasting
  1612 | D:2      | Reached XP level 4. HP: 8/21 MP: 3/10
  2070 | D:2      | Upgraded the game from 0.21-a0-460-g737a915 to 0.21-a0-479-g139aec4
  2239 | D:2      | Learned a level 3 spell: Stone Arrow
  2242 | D:2      | Learned a level 2 spell: Passwall
  2262 | D:2      | Learned a level 4 spell: Petrify
  2413 | D:3      | Found a white marble altar of Elyvilon.
  2994 | D:3      | Slain by an iguana

Vault maps used:
D:1:      evilmike_arrival_crescent
D:2:      lemuel_round_altar, nicolae_qazlal_general_emergency
D:3:      bloody_trog, lemuel_doored_altar, hangedman_abyss_or_decor_lesser_grid

Skill      XL: |  1  2  3  4 |
---------------+-------------+-----
Earth Magic    | 3 4 |  4.0
Spellcasting   | 3 4 |  4.9
Dodging        | |  3.0
Stealth        | |  3.0
Transmutations | |  1.3

Action                   |  1- 3 |  4- 6 || total
-------------------------+-------+-------++-------
Melee: Unarmed           |    11 |       ||    11
       Dagger            |    11 |    94 ||   105
 Cast: Sandblast         |    43 |    33 ||    76
       Stone Arrow       |       |     4 ||     4
       Passwall          |       |     1 ||     1
  Use: Potion            |       |     1 ||     1
 Stab: Sleeping          |     1 |     2 ||     3
Armor: Robe              |     7 |     8 ||    15
Dodge: Dodged            |    39 |    90 ||   129

Table legend:
 A = Spawn XP
 B = Non-spawn XP
 C = Spawn XP percentage of total XP
 D = Spawn monster count
 E = Non-spawn monster count
 F = Spawn count percentage of total count
 G = Total turns spent on level
                    A         B        C        D         E        F      G
               +---------+---------+-------+---------+---------+-------+---------
         Total |       0 |     180 |   0.0 |       0 |      54 |   0.0 |  2994
               +---------+---------+-------+---------+---------+-------+---------
           D:1 |       0 |      13 |   0.0 |       0 |       7 |   0.0 |  1067
           D:2 |       0 |     130 |   0.0 |       0 |      30 |   0.0 |  1557
           D:3 |       0 |      37 |   0.0 |       0 |      17 |   0.0 |   370
               +---------+---------+-------+---------+---------+-------+---------
